Description

First 5 min early game PvZ, 2 oracle 3 adept -> third -> oracle/twilight

VOD

https://www.youtube.com/watch?v=K4aUwaovsJk

Build Order

Why is there no SALT encoding or Overwolf build?

  10    Probe (Chrono Boost)  Rally down to wall
  12  0:34  Pylon  pylon scout block zerg nat
  14  1:00  Gateway  Can be rallied down
  15  1:08  Assimilator (Chrono Boost)  Gas -> chrono
  16  1:15  Assimilator  pull 2 into gas, cybercore probe goes to gas
  19  1:54  Nexus  
  19  2:05  Cybernetics Core  
  20  2:14  Assimilator  pull 2 into gas
  20  2:19  Pylon  "small cut in workers"
  22  2:41  Adept (Chrono Boost)  
  24  2:49  Stargate  
  25  3:04  Adept (Chrono Boost)  Chrono optional
  28  3:05  Warp Gate (Chrono Boost)  
  31  3:23  Adept  
  35  3:35  Oracle  
  37  3:50  Pylon  
  45  4:23  Nexus  2 oracle 3 adept -> third
  45  4:25  Pylon  
  46  4:30  Gateway  wall off
  48  4:45  Oracle  
  50  5:00  Twilight Council  ~5:35 finish
      Assimilator x2  
      Pylon x2  
      Gateway x4  
Spawning Tool Build Advisor. Get it on Overwolf

Go to:

Details

  • Created by: KoiKaradon
  • Published on: Jun 23, 2026
  • Modified on: Jun 23, 2026
  • Patch: 5.0.11
  • Difficulty: Easy
Show

Export as new Build Order

Comments (0)

There are no comments. Be the first!

Create an account to comment!